 Dungeon Crawl Stone Soup version 0.18.1-48-g4cf74bf (webtiles) character file.

739 Gottschkopf the Insei (level 7, -3/52 HPs)
             Began as a Pale Draconian Transmuter on Sept 1, 2016.
             Slain by a centaur (6 damage)
             ... on level 7 of the Dungeon.
             The game lasted 00:10:15 (4188 turns).

Gottschkopf the Insei (Pale Draconian Transmuter)   Turns: 4188, Time: 00:10:15

Health: -3/52      AC:  7    Str: 13    XL:     7   Next: 46%
Magic:  8/10       EV: 12    Int: 13    God:
Gold:   186        SH:  0    Dex: 13    Spells: 3 memorised, 4 levels left

rFire  . . .     SeeInvis +       - Unarmed
rCold  . . .     Gourm    .     (armour unavailable)
rNeg   . . .     Faith    .     (no shield)
rPois  .         Spirit   .     (helmet restricted)
rElec  .         Dismiss  .     q - +0 cloak
rCorr  .         Reflect  .     (no gloves)
SustAt .         Harm     .     (boots currently unavailable)
MR     .....                    (no amulet)
Stlth  +.........               (no ring)
                                p - ring of see invisible

@: appendage, not resistant to hostile enchantments, very unstealthy
A: breathe steam, unfitting armour, talons 3, cold-blooded, AC +6
a: Breathe Steam, End Transformation


You were on level 7 of the Dungeon.
You were not hungry.
You had grown temporary talons.
You visited 1 branch of the dungeon, and saw 7 of its levels.

You collected 186 gold pieces.

Inventory:

Missiles
 a - 47 arrows
Armour
 q - a +0 cloak (worn)
Jewellery
 p - a ring of see invisible (left hand)
Scrolls
 e - a scroll of noise {unknown}
 f - a scroll of identify
 g - 3 scrolls of teleportation
Potions
 d - 2 potions of curing
 h - a potion of flight {unknown}
 i - 3 potions of brilliance
 k - 2 potions of heal wounds
 l - a potion of invisibility
 n - a potion of cure mutation {unknown}
Books
 b - a book of Changes

   Spells                             Type                      Level
   a - Beastly Appendage              Transmutation                1
   b - Sticks to Snakes               Transmutation                2
   c - Spider Form                    Transmutation/Poison         3
   d - Ice Form                       Ice/Transmutation            4
   e - Blade Hands                    Transmutation                5
Comestibles
 c - 4 bread rations
 j - 2 slices of pizza
 m - 5 chunks of flesh
 o - 4 fruits
 r - a meat ration


   Skills:
 - Level 1.1 Fighting
 - Level 1.7 Dodging
 + Level 7.0 Unarmed Combat
 - Level 2.0 Spellcasting
 - Level 5.1 Transmutations
 - Level 2.0 Poison Magic


You had 4 spell levels left.
You knew the following spells:

 Your Spells              Type           Power        Failure   Level  Hunger
a - Beastly Appendage     Trmt           ##....       3%          1    ##.....
b - Sticks to Snakes      Trmt           ##......     6%          2    ###....
c - Spider Form           Trmt/Pois      ##........   17%         3    ####...


Dungeon Overview and Level Annotations

Branches:
Dungeon (7/15)
 Temple: D:4-7

Altars:
Dithmenos
Ru

Annotations:
D:3 Purgy
D:6 GFox's ghost, novice DDFi; Menkaure


Innate Abilities, Weirdness & Mutations

You can breathe blasts of scalding, opaque steam.
Your pale cyan-grey scales are hard (AC +6).
Your body does not fit into most forms of armour.
You are cold-blooded and may be slowed by cold attacks.
You have claws for feet.


Message History

Confirm with . or Enter, or press ? or * to list all spells.
Your feet morph into talons.
The centaur hits you but does no damage.
The centaur hits you!
* * * LOW HITPOINT WARNING * * *
Unknown command.
You are too injured to fight recklessly!
You are too injured to fight recklessly!
You are too injured to fight recklessly!
You are too injured to fight recklessly!
You barely miss the centaur. You claw the centaur, but do no damage.
Your tail-slap misses the centaur.
The centaur misses you.
You punch the centaur! Your kick misses the centaur.
The centaur is moderately wounded.
The centaur hits you.
* * * LOW HITPOINT WARNING * * *
You hit the centaur.
The centaur is severely wounded.
The centaur hits you.
You die...

........ ......
..... #...# #...#
#...#
#.##.).##########
#.....oc@)......#
......)..########.#
.........# #.#
.........# #.#
....###### #.#
>#..... #.#
.......##########)#
..................#
............#####


You could see a centaur and an orc wizard.

Vanquished Creatures
  A hippogriff (D:7)
  A centaur (D:5)
  An ogre (D:4)
  A big kobold (D:7)
  A howler monkey (D:5)
  2 orc priests
  Crazy Yiuf (D:3)
  2 orc wizards (D:3)
  A worker ant (D:4)
  A howler monkey skeleton (D:5)
  A shadow imp (D:5)
  An ooze (D:2)
  An adder zombie (D:7)
  3 worms
  7 giant geckos
  11 orcs
  2 ball pythons
  5 bats
  3 giant cockroaches
  3 goblins
  4 jackals (D:3)
  2 quokkas
  5 giant newts
  2 kobolds
  7 rats
69 creatures vanquished.

Vanquished Creatures (collateral kills)
  The ghost of Tagedieb the Sneak, an amateur VSEn (D:3)
1 creature vanquished.

Grand Total: 70 creatures vanquished

Notes
Turn   | Place    | Note
--------------------------------------------------------------
     0 | D:1      | Gottschkopf the Draconian Transmuter began the quest for the Orb.
     0 | D:1      | Reached XP level 1. HP: 16/16 MP: 3/3
   259 | D:1      | Reached XP level 2. HP: 23/23 MP: 3/5
   417 | D:1      | Learned a level 2 spell: Sticks to Snakes
   951 | D:2      | Reached skill level 4 in Unarmed Combat
  1143 | D:2      | Reached XP level 3. HP: 16/28 MP: 4/6
  1148 | D:2      | Learned a level 3 spell: Spider Form
  1345 | D:3      | Found a shadowy altar of Dithmenos.
  1439 | D:3      | Noticed Crazy Yiuf
  1518 | D:3      | Killed Crazy Yiuf
  1714 | D:3      | Reached XP level 4. HP: 23/35 MP: 7/7
  1884 | D:3      | Found a faded altar to an unknown god.
  1914 | D:3      | Became a worshipper of Ru the Awakened
  1942 | D:3      | Fell from the grace of Ru
  2221 | D:3      | Noticed Tagedieb's ghost (amateur VSEn)
  2224 | D:3      | Noticed Purgy
  2248 | D:3      | HP: 1/35 [Purgy (1)]
  2609 | D:3      | Killed Tagedieb's ghost
  2609 | D:3      | Reached XP level 5. HP: 5/40 MP: 2/8
  3132 | D:4      | Reached skill level 5 in Transmutations
  3132 | D:4      | Reached XP level 6. HP: 38/47 MP: 7/9
  3534 | D:5      | Entered Level 5 of the Dungeon
  3548 | D:5      | Reached skill level 5 in Unarmed Combat
  3660 | D:5      | HP: 2/47 [centaur (2)]
  3786 | D:6      | Noticed an orc warrior
  3792 | D:6      | Noticed Menkaure
  3799 | D:6      | Noticed GFox's ghost (novice DDFi)
  4082 | D:7      | Reached skill level 6 in Unarmed Combat
  4082 | D:7      | Your scales start taking on a pale cyan-grey colour.
  4082 | D:7      | Reached XP level 7. HP: 52/52 MP: 6/10
  4118 | D:7      | Noticed a hippogriff
  4132 | D:7      | Killed a hippogriff
  4183 | D:7      | Reached skill level 7 in Unarmed Combat
  4188 | D:7      | Slain by a centaur

Skill      XL: |  1  2  3  4  5  6  7 |
---------------+----------------------+-----
Unarmed Combat | 4 6 7 |  7.0
Poison Magic   | 2 |  2.0
Transmutations | 4 5 |  5.1
Fighting       | |  1.1
Dodging        | |  1.7
Spellcasting   | |  2.0

Action                   |  1- 3 |  4- 6 |  7- 9 || total
-------------------------+-------+-------+-------++-------
Melee: Unarmed           |   115 |   173 |    22 ||   310
       Headbutt          |     5 |    10 |       ||    15
       Tailslap          |     5 |     9 |       ||    14
       Kick              |     3 |     5 |     1 ||     9
       Punch             |     1 |     5 |       ||     6
 Cast: Beastly Appendage |    18 |    17 |     1 ||    36
       Spider Form       |       |     8 |     2 ||    10
       Sticks to Snakes  |       |     2 |       ||     2
Invok: Renounce Religion |       |     1 |       ||     1
  Use: Scroll            |       |     8 |       ||     8
 Stab: Distracted        |       |     3 |       ||     3
  Eat: Chunk             |     2 |     9 |     1 ||    12
       Beef jerky        |     1 |       |       ||     1
Armor: Skin              |    48 |    37 |     5 ||    90
Dodge: Dodged            |    80 |   139 |    29 ||   248
